 Dungeon Crawl Stone Soup version 0.18-a0-1273-g8ec5f8e (webtiles) character file.

97 dvd the Insei (level 4, -1/28 HPs)
             Began as an Octopode Transmuter on Feb 7, 2016.
             Slain by a gnoll
             ... wielding a +0 whip
              (11 damage)
             ... on level 3 of the Dungeon.
             The game lasted 00:04:42 (1630 turns).

dvd the Insei (Octopode Transmuter)                 Turns: 1630, Time: 00:04:42

Health: -1/28      AC:  2    Str:  9    XL:     4   Next: 68%
Magic:  4/7        EV: 20    Int: 15    God:
Gold:   60         SH:  0    Dex: 18    Spells: 2 memorised, 3 levels left

rFire  . . .     SeeInvis .       - Unarmed
rCold  . . .     Gourm    .     (shield currently unavailable)
rNeg   . . .     Faith    .     (helmet currently unavailable)
rPois  x         Spirit   .     (no amulet)
rElec  .         Dismiss  .     (no ring)
rCorr  .         Reflect  .     (no ring)
SustAt .         Harm     .     (no ring)
MR     .....                    (no ring)
Stlth  ++........               (no ring)
                                (no ring)
                                (no ring)
                                (no ring)

@: spider-form (expiring), not resistant to hostile enchantments, unstealthy
A: almost no armour, amphibious, 8 rings, (constrict 8), (camouflage 0),
(gelatinous body 0)
a: End Transformation


You were on level 3 of the Dungeon.
You were hungry.
You were a venomous arachnid creature.
You visited 1 branch of the dungeon, and saw 3 of its levels.

You collected 60 gold pieces.

Inventory:

Hand Weapons
 n - a +3 dagger
Missiles
 a - 12 arrows
Scrolls
 g - a scroll of amnesia {unknown}
 j - a scroll of magic mapping {unknown}
 m - a scroll of teleportation {unknown}
 o - 3 scrolls of enchant armour {unknown}
 p - 4 scrolls of identify {unknown}
Potions
 d - a potion of invisibility {unknown}
 e - a potion of cure mutation {unknown}
 h - a potion of beneficial mutation {unknown}
 i - a potion of lignification {unknown}
 l - a potion of agility {unknown}
 q - a potion of mutation {unknown}
Books
 b - a book of Changes

   Spells                             Type                      Level
   a - Beastly Appendage              Transmutation                1
   b - Sticks to Snakes               Transmutation                2
   c - Spider Form                    Transmutation/Poison         3
   d - Ice Form                       Ice/Transmutation            4
   e - Blade Hands                    Transmutation                5
Comestibles
 c - a bread ration
 f - 2 meat rations
 k - 3 chunks of flesh


   Skills:
 + Level 1.5 Fighting
 + Level 2.3 Dodging
 + Level 1.9 Stealth
 + Level 3.9 Unarmed Combat
 * Level 2.3 Spellcasting
 * Level 2.8 Transmutations


You had 3 spell levels left.
You knew the following spells:

 Your Spells              Type           Power        Failure   Level  Hunger
a - Beastly Appendage     Trmt           ##....       24%         1    #......
b - Spider Form           Trmt/Pois      #.........   65%         3    ###....


Dungeon Overview and Level Annotations

Branches:
Dungeon (3/15)

Altars:


Innate Abilities, Weirdness & Mutations

You cannot wear most types of armour.
You are amphibious.
You can wear up to eight rings at the same time.
((You can use your tentacles to constrict eight enemies at once.))
((Your skin changes colour to match your surroundings (Stealth).))
((Your rubbery body absorbs attacks (AC +1).))


Message History

You are feeling hungry.
The gnoll hits you with a whip.
You hit the gnoll.
The gnoll is moderately wounded.
The gnoll closely misses you. The gnoll hits you with a whip.
The gnoll completely misses you. The gnoll barely misses you.
You hit the gnoll.
The gnoll is poisoned.
The gnoll is moderately wounded.
The gnoll misses you.
You hit the gnoll.
The gnoll is heavily wounded.
The gnoll misses you. x2
The gnoll closely misses you. The gnoll completely misses you.
The gnoll closely misses you.
Your transformation is almost over.
You hit the gnoll.
The gnoll is poisoned.
The gnoll is heavily wounded.
The gnoll hits you with a whip!
You die...

........#######
#....'
........#
#....#
........#####
#....#
............#
#.....
........###.#
#....)
..........o.#
###...
........g.$.#
#...
........g##g#
#...
##.....s..g.#
#...
#.......####
#<.. #.........
##+#
#........##
#######...
..... ......
.......


You could see 4 gnolls and an orc.

Vanquished Creatures
  Terence (D:2)
  4 adders (D:2)
  A worm (D:2)
  A giant gecko (D:2)
  2 ball pythons (D:2)
  3 bats (D:2)
  5 goblins
  3 hobgoblins
  2 quokkas (D:2)
  2 giant newts
  4 kobolds
  7 rats
35 creatures vanquished.

Notes
Turn   | Place    | Note
--------------------------------------------------------------
     0 | D:1      | dvd the Octopode Transmuter began the quest for the Orb.
     0 | D:1      | Reached XP level 1. HP: 13/13 MP: 3/3
   558 | D:2      | Reached XP level 2. HP: 18/18 MP: 5/5
   624 | D:2      | Reached XP level 3. HP: 15/23 MP: 4/6
   706 | D:2      | Noticed Terence
  1071 | D:2      | Reached skill level 1 in Stealth
  1211 | D:2      | Killed Terence
  1211 | D:2      | Reached XP level 4. HP: 26/28 MP: 7/7
  1362 | D:2      | Learned a level 3 spell: Spider Form
  1630 | D:3      | Slain by a gnoll

Vault maps used:
D:1:      sevenhm_arrival_forest_fort_small_4
D:2:      serial_bayou_ford_a, serial_park_tiny_pond, uniq_terence

Action                   |  1- 3 |  4- 6 || total
-------------------------+-------+-------++-------
Melee: Unarmed           |    70 |    23 ||    93
 Cast: Beastly Appendage |     8 |     3 ||    11
       Spider Form       |       |     1 ||     1
  Use: Potion            |     2 |       ||     2
 Stab: Sleeping          |     3 |     3 ||     6
  Eat: Chunk             |     1 |     1 ||     2
